 Dungeon Crawl Stone Soup version 0.23-a0-484-g29ba69c (webtiles) character file.

275 Lavandula the Cutter (level 6, -2/36 HPs)
             Began as a Halfling Enchanter on Nov 30, 2018.
             Was an Initiate of Ru.
             Slain by a wight
             ... wielding a +1 falchion of freezing
              (4 damage)
             ... on level 8 of the Dungeon.
             The game lasted 00:14:27 (2550 turns).

Lavandula the Cutter (Halfling Enchanter)           Turns: 2550, Time: 00:14:28

Health: -2/36      AC:  3    Str:  9    XL:     6   Next: 50%
Magic:  6/8        EV: 14    Int: 15    God:    Ru [......]
Gold:   129        SH:  0    Dex: 15    Spells: 2/8 levels left

rFire    . . .     SeeInvis .   a - +1 dagger
rCold    . . .     Gourm    .   (shield restricted)
rNeg     . . .     Faith    .   s - +0 robe (curse)
rPois    .         Spirit   .   (no helmet)
rElec    .         Reflect  .   j - +0 cloak
rCorr    .         Harm     .   (no gloves)
MR       .....                  (no boots)
Stlth    ++........             (no amulet)
HPRegen  0.12/turn              (no ring)
MPRegen  0.11/turn              (no ring)

@: heavily drained
A: small, mutation resistance 1
a: Renounce Religion


You were on level 8 of the Dungeon.
You worshipped Ru.
Ru was noncommittal.
You were not hungry.

You visited 2 branches of the dungeon, and saw 10 of its levels.

You collected 129 gold pieces.

Inventory:

Hand Weapons
 a - a +1 dagger (weapon)
 c - a +0 spear
 p - a +0 falchion
 t - a +0 hunting sling
Missiles
 e - 71 stones (quivered)
 g - 27 sling bullets
 i - 2 tomahawks
 r - 62 arrows
Armour
 b - a +0 robe
 j - a +0 cloak (worn)
 s - a cursed +0 robe (worn)
Wands
 u - a wand of iceblast (8)
Scrolls
 f - a scroll of fear {unknown}
 l - 3 scrolls of magic mapping {unknown}
 n - a scroll of random uselessness {unknown}
 v - a scroll of immolation {unknown}
 w - a scroll of blinking {unknown}
Potions
 h - 4 potions of curing
 k - a potion of agility {unknown}
 m - 2 potions of degeneration {unknown}
 o - a potion of berserk rage {unknown}
 q - a potion of brilliance {unknown}
 x - a potion of heal wounds {unknown}
 z - a potion of cancellation {unknown}
Comestibles
 d - 3 rations


   Skills:
 + Level 7.3(6.0) Short Blades
 - Level 2.1(1.0) Dodging
 - Level 3.2(2.1) Stealth
 - Level 1.5(0.4) Spellcasting
 - Level 2.4(1.2) Hexes


You had 2 spell levels left.
You knew the following spells:

 Your Spells              Type           Power        Failure   Level  Hunger
a - Corona                Hex            #......      16%         1    ##.....
b - Ensorcelled Hibernat  Hex/Ice        #.....       30%         2    ###....
c - Confuse               Hex            #.......     43%         3    ####...

Your spell library contained the following spells:

 Spells                   Type           Power        Failure   Level  Hunger
 Tukima's Dance           Hex            #.......     43%         3    ####...
 Dazzling Spray           Conj/Hex       #.....       52%         3    ####...


Dungeon Overview and Level Annotations

Branches:
Dungeon (9/15)             Temple (1/1) D:7
   Lair: D:8-11         Orc: D:9-12

Altars:
Cheibriados
Elyvilon
Hepliaklqana
Makhleb
Okawaru
Qazlal
Ru
Sif Muna
Xom
The Shining One

Shops:
D:4 =   D:8 [

Annotations:
D:6 exclusion: ogre


Innate Abilities, Weirdness & Mutations

You are small and have problems with some larger weapons.
You are somewhat resistant to further mutation.


Message History

The wight is almost destroyed.
The wight misses you.
You hit the wight but do no damage.
The wight is almost destroyed.
The wight completely misses you.
You barely miss the wight.
The wight is almost destroyed.
You hit the wight but do no damage.
The wight is almost destroyed.
The wight hits you with a +1 falchion of freezing.
You feel drained. The wight freezes you.
* * * LOW HITPOINT WARNING * * *
You closely miss the wight.
The wight is almost destroyed.
Evoke which item? (* to show all) (? for menu, Esc to quit)
Okay, then.
The wight hits you with a +1 falchion of freezing!
* * * LOW HITPOINT WARNING * * *
You feel drained.
You die...

#.##.##.<.........#
#.##.##...........# .
#.##.##...........# .z
#.#...#...........# ...
#.###.#####'#....## .... #.#
#.# #.###..# ..... #.#
#.#####.#....#
..../.######.###.......#.#.###
......'.....z@................
......######.###########<#....
..... #....# ####### ####
#.#### # .## .... .#.#


You could see a wight.

Vanquished Creatures
  An ogre (D:6)
  A bullfrog skeleton (D:6)
  2 worker ants
  A hound skeleton (D:4)
  3 adders
  A shadow imp (D:4)
  4 worms
  A dart slug (D:2)
  2 leopard geckos
  4 orcs
  A ball python (D:3)
  8 bats
  3 giant cockroaches
  4 goblins (D:1)
  5 hobgoblins
  3 quokkas
  A frilled lizard (D:3)
  A jackal zombie (D:8)
  4 kobolds
  A quokka zombie (D:5)
  4 rats
55 creatures vanquished.

Notes
Turn   | Place    | Note
-------+----------+-------------------------------------------
     0 | D:1      | Lavandula the Halfling Enchanter began the quest for the
                  | Orb.
     0 | D:1      | Reached XP level 1. HP: 11/11 MP: 3/3
    64 | D:1      | Reached skill level 2 in Short Blades
   101 | D:2      | Noticed a worker ant
   102 | D:2      | Reached XP level 2. HP: 13/17 MP: 4/4
   111 | D:1      | Reached skill level 3 in Short Blades
   116 | D:1      | Learned a level 2 spell: Ensorcelled Hibernation
   247 | D:1      | Reached XP level 3. HP: 10/21 MP: 2/5
   517 | D:2      | Reached skill level 4 in Short Blades
   623 | D:2      | Reached XP level 4. HP: 18/27 MP: 2/6
   879 | D:4      | Found Zosov's Jewellery Emporium.
   929 | D:4      | Found a deep blue altar of Sif Muna.
   964 | D:4      | Learned a level 3 spell: Confuse
  1048 | D:4      | Noticed an ogre
  1240 | D:3      | Reached skill level 5 in Short Blades
  1390 | D:3      | Reached XP level 5. HP: 31/31 MP: 3/7
  1557 | D:4      | Reached skill level 6 in Short Blades
  1654 | D:5      | Entered Level 5 of the Dungeon
  1659 | D:5      | Noticed an ogre
  1685 | D:5      | Found an iron altar of Okawaru.
  2171 | D:6      | Noticed an ogre
  2172 | D:6      | Reached XP level 6. HP: 36/36 MP: 6/8
  2208 | D:6      | Noticed an ogre
  2215 | D:6      | Killed an ogre
  2215 | D:6      | Reached skill level 7 in Short Blades
  2246 | D:6      | You fall through a shaft for 2 floors!
  2250 | D:9      | Noticed a wyvern
  2280 | D:7      | Found a staircase to the Ecumenical Temple.
  2299 | Temple   | Entered the Ecumenical Temple
  2304 | Temple   | Became a worshipper of Ru the Awakened
  2352 | D:7      | Noticed a hungry ghost
  2358 | D:8      | Found Timeecir's Armour Boutique.
  2550 | D:8      | Slain by a wight

Vault maps used:
D:1:      elethiomel_arrival_shortcut, minmay_pentomino_r2
D:2:      first_ration, minmay_misc_feat_alley
D:3:      minmay_evil_eye, kennysheep_generic_room_13
D:4:      kennysheep_mini, serial_shops, nicolae_shop_waterfront, uniq_sigmund
D:5:      serial_shops, shop, shop, nicolae_shop_behind_doors, shop, shop,
          okawaru_trees_2
D:6:      amethyst_killhole, uniq_prince_ribbit1
D:7:      kennysheep_windowed_halls, minmay_temple_entry_overgrown
D:8:      serial_shops, shop
D:9:      serial_shops, shop, serial_ice, serial_ice_d, serial_ice_l,
          serial_ice_g, serial_ice_a, serial_ice_n, serial_ice_c,
          enter_bailey_2, hangedman_little_slice_of_home
Temple:   compressed_dpeg_triangle_lava_temple

Skill      XL: |  1  2  3  4  5  6 |
---------------+-------------------+-----
Short Blades   | 2 3 4 5 6 7 |  7.3
Dodging        | |  2.1
Stealth        | |  3.2
Spellcasting   | |  1.5
Hexes          | |  2.4

Action                   |  1- 3 |  4- 6 || total
-------------------------+-------+-------++-------
Melee: Dagger            |    86 |   123 ||   209
 Cast: Corona            |    18 |     1 ||    19
       Ensorcelled Hiber |     6 |    19 ||    25
       Confuse           |       |     9 ||     9
  Use: Potion            |       |     1 ||     1
 Stab: Sleeping          |     7 |    15 ||    22
       Confused          |       |     4 ||     4
  Eat: Chunk             |       |     6 ||     6
       Ration            |       |     1 ||     1
Armor: Robe              |    14 |     8 ||    22
Dodge: Dodged            |    74 |    61 ||   135

Table legend:
 A = Non-vault XP
 B = Vault XP
 C = Vault XP percentage of total XP
 D = Non-vault monster count
 E = Vault monster count
 F = Vault count percentage of total count
                 A         B        C        D         E       F
            +---------+---------+-------+---------+---------+-------
      Total |     394 |       0 |   0.0 |      55 |       0 |   0.0
            +---------+---------+-------+---------+---------+-------
        D:1 |      17 |       0 |   0.0 |       9 |       0 |   0.0
        D:2 |      54 |       0 |   0.0 |      14 |       0 |   0.0
        D:3 |      79 |       0 |   0.0 |      18 |       0 |   0.0
        D:4 |      79 |       0 |   0.0 |       8 |       0 |   0.0
        D:5 |       1 |       0 |   0.0 |       1 |       0 |   0.0
        D:6 |     161 |       0 |   0.0 |       3 |       0 |   0.0
        D:7 |       2 |       0 |   0.0 |       1 |       0 |   0.0
        D:8 |       1 |       0 |   0.0 |       1 |       0 |   0.0
            +---------+---------+-------+---------+---------+-------
